AoeStats
← zipfiklatscher

Arena

510048285Analyzed
1v1 RM · 5d ago on Sep 29, 2026· 14m 52s· 2 players
Game mode
Random Map
Map size
Tiny (2 player)
Population
200
Speed
Normal
Resources
Standard
Victory
Conquest
Starting age
Dark Age
Ending age
Imperial Age
RankedLock teamsTeams togetherTeam positionsShared explorationLock speedFull tech treeHidden civsTurbo modeCheats
Victory
Defeat
🇹🇷 Hindustanis · Türkiye
848
+12
🇦🇹 Goths · Austria
762
-12
zipfiklatscher
11:47 Feudal Age
15:47 Castle Age
14:02 Double-Bit Axe
14:31 Horse Collar
14:47 Gold Mining
özgür_44_34
8:49 Loom
10:40 Feudal Age
13:29 Double-Bit Axe
13:34 Horse Collar
17:08 Castle Age
Connection lost

Rejoining the realm…

Still unreachable

The connection could not be restored.

Session expired

The server has moved on; the page needs a fresh start.